 Dungeon Crawl Stone Soup version 0.29-a0-870-g2c972031a6 (webtiles) character file.

Game seed: 14744268396295462286

630 greasedhog the Sneak (level 7, -4/41 HPs)
             Began as a Gargoyle Berserker on July 17, 2022.
             Was a Believer of Trog.
             Shot with an arrow by a centaur (9 damage)
             ... on level 5 of the Dungeon.
             The game lasted 00:05:47 (5189 turns).

greasedhog the Sneak (Gargoyle Berserker)           Turns: 5189, Time: 00:05:47

Health: -4/41      AC:  6    Str: 23    XL:     7   Next: 48%
Magic:  7/7        EV: 12    Int:  7    God:    Trog [**....]
Gold:   222        SH:  0    Dex: 11    Spells: 6/6 levels left

rFire   . . .      SeeInvis .   n - +4 mace "Leephir" {flame, rC+ Will+ Dex+2}
rCold   + . .      Faith    .   (no shield)
rNeg    + + .      Spirit   .   k - +0 robe of Lucayw {rCorr}
rPois   ∞          Reflect  .   (no helmet)
rElec   +          Harm     .   (no cloak)
rCorr   +          Rampage  .   (no gloves)
Will    +....                   (no boots)
Stlth   +++.......              (no amulet)
HPRegen 0.13/turn               h - ring of positive energy
MPRegen 0.10/turn               (no ring)

@: no status effects
A: sickness immunity, AC +4, negative energy resistance 1, electricity
resistance, torment resistance 1, petrification resistance
a: Renounce Religion, Berserk, Trog's Hand


You were on level 5 of the Dungeon.
You worshipped Trog.
Trog was pleased with you.
You visited 1 branch of the dungeon, and saw 5 of its levels.

You collected 222 gold pieces.

Inventory:

Hand Weapons
 n - the +4 mace "Leephir" (weapon) {flame, rC+ Will+ Dex+2}
   (You found it on level 4 of the Dungeon)

   It burns those it strikes, dealing additional fire damage.
   Dex:       It affects your dexterity (+2).
   rC:        It protects you from cold.
   Will:      It increases your willpower.
Armour
 a - a +0 leather armour
 k - the +0 robe of Lucayw (worn) {rCorr}
   (You found it on level 2 of the Dungeon)

   rCorr:     It protects you from acid and corrosion.
Jewellery
 h - a ring of positive energy (left hand)
Wands
 l - a wand of mindburst (10)
Scrolls
 b - 2 scrolls of immolation
 e - a scroll of magic mapping
 g - 3 scrolls of enchant armour
 j - a scroll of teleportation
Potions
 c - a potion of lignification {unknown}
 d - 4 potions of heal wounds {unknown}
 f - 2 potions of degeneration {unknown}
 i - a potion of brilliance {unknown}
 m - a potion of mutation {unknown}
 o - a potion of haste
 p - a potion of might {unknown}
 q - a potion of curing {unknown}
 r - 2 potions of ambrosia {unknown}
 s - a potion of resistance {unknown}


   Skills:
 - Level 3.2 Fighting
 * Level 6.3 Maces & Flails
 - Level 2.1 Armour
 - Level 1.5 Dodging
 * Level 6.4 Stealth


You had 6 spell levels left.
You didn't know any spells.
Your spell library was empty.

Dungeon Overview and Level Annotations

Branches:
Dungeon (5/15)
 Temple: D:4-7

Altars:
Hepliaklqana
Nemelex Xobeh


Innate Abilities, Weirdness & Mutations

You are immune to sickness and miasma.
Your stone body is resilient. (AC +4)
You are immune to poison.
You resist negative energy. (rN+)
You are resistant to electric shocks. (rElec)
You are resistant to unholy torment.
You are immune to petrification.


Message History

You are no longer berserk.
You are exhausted.
You feel yourself slow down.
You start resting.
You feel yourself speed up.
You recover from your berserk rage.
HP restored.
You see here a +0 shortbow.
A hobgoblin comes into view.
Found a hazy altar of Hepliaklqana.
The hobgoblin moves out of view.
A spectral hobgoblin comes into view.
There is an open door here.
The hobgoblin shouts!
You sock the spectral hobgoblin! You burn the spectral hobgoblin.
You destroy the spectral hobgoblin!
Trog accepts your kill.
You sock the hobgoblin! You burn the hobgoblin.
You kill the hobgoblin!
Trog accepts your kill.
You see here a hobgoblin corpse.
There is a hazy altar of Hepliaklqana here.
You see here a hobgoblin corpse.
There is an open door here.
You see here a hound skeleton.
Found a cloak.
A centaur comes into view.
The centaur shouts!
You hear a bark!
The centaur wields a +0 shortbow.
The centaur shoots an arrow.
The arrow closely misses you.
The centaur shoots an arrow.
The arrow hits you.
The centaur shoots an arrow.
The arrow hits you!
The centaur shoots an arrow.
The arrow hits you!
* * * LOW HITPOINT WARNING * * *
The centaur shoots an arrow.
The arrow closely misses you.
You hear a bark!
The centaur shoots an arrow.
The arrow hits you!
* * * LOW HITPOINT WARNING * * *
You hear a bark!
The centaur shoots an arrow.
The arrow closely misses you.
The centaur shoots an arrow.
The arrow hits you!
You die...

.......# #...#########........#
.......###..>........'........+
.............##.######........#
........##...#.............)..#
........##.........###........#
........##.....###.# #........#
.##.......#....# #)# #........#
.#........#).#.###.# ##########
)...............@÷.####
.#........#.....##.......
.##.......#.÷...##.......
##........#.....++.......
##.########.....##....$.. .#.#
#................ .'.#
#................ .###
#......c......... ##
#...........###


You could see a centaur.

Vanquished Creatures
  An ogre (D:5)
  A centaur (D:5)
  A phantom (D:5)
  2 scorpions
  2 jellies (D:4)
  A hound (D:5)
  9 adders
  3 gnolls (D:3)
  A shadow imp (D:5)
  4 dart slugs
  5 orcs
  6 ball pythons
  2 bats
  5 endoplasms
  2 giant cockroaches
  8 goblins
  7 hobgoblins
  2 quokkas
  3 frilled lizards
  6 kobolds
  2 rats (D:2)
  A spectral hobgoblin (D:5)
74 creatures vanquished.

Vanquished Creatures (others)
  A bat (D:1)
1 creature vanquished.

Grand Total: 75 creatures vanquished

Notes
Turn   | Place    | Note
-------+----------+-------------------------------------------
     0 | D:1      | greasedhog the Gargoyle Berserker began the quest for the
                  | Orb.
     0 | D:1      | Reached XP level 1. HP: 14/14 MP: 1/1
   695 | D:1      | Reached XP level 2. HP: 19/19 MP: 2/2
   705 | D:1      | Reached skill level 1 in Stealth
  1974 | D:2      | Identified the +0 robe of Lucayw {rCorr}
  2008 | D:2      | Reached XP level 3. HP: 23/23 MP: 3/3
  2939 | D:3      | Reached XP level 4. HP: 12/28 MP: 4/4
  3232 | D:3      | Found a sparkling altar of Nemelex Xobeh.
  3342 | D:3      | Noticed a scorpion
  3345 | D:3      | Killed a scorpion
  3346 | D:3      | Reached XP level 5. HP: 32/32 MP: 5/5
  3991 | D:4      | Reached skill level 5 in Maces & Flails
  4213 | D:4      | Reached XP level 6. HP: 37/37 MP: 6/6
  4230 | D:4      | Reached ** piety under Trog
  4354 | D:4      | Identified the +4 mace "Leephir" {flame, rC+ Will+ Dex+2}
  4776 | D:5      | Entered Level 5 of the Dungeon
  4815 | D:5      | Reached skill level 5 in Stealth
  4820 | D:5      | Reached XP level 7. HP: 31/41 MP: 7/7
  5148 | D:5      | Found a hazy altar of Hepliaklqana.
  5189 | D:5      | Shot with an arrow by a centaur

Illustrated notes

Levels and vault maps discovered:
D:1:      elethiomel_arrival_infinity_welcomes_careful_drivers,
          layout_loops_ring, minmay_misc_feat_secret_circle
D:2:      layout_basic, kennysheep_cross_bottleneck
D:3:      layout_loops_cross, mainiacjoe_overflow_cross_hatched
D:4:      layout_loops_cross, minivault_27, kennysheep_doodads
D:5:      layout_basic, mainiacjoe_overflow_small_starburst,
          nicolae_hepliaklqana_monster_ancestors

Skill      XL: |  1  2  3  4  5  6  7 |
---------------+----------------------+-----
Stealth        | 1 2 3 4 5 6 |  6.4
Maces & Flails | 4 5 6 |  6.3
Fighting       | |  3.2
Armour         | |  2.1
Dodging        | |  1.5

Action                   |  1- 3 |  4- 6 |  7- 9 || total
-------------------------+-------+-------+-------++-------
Melee: Mace              |    99 |   112 |    24 ||   235
       Punch             |     1 |     1 |       ||     2
Invok: Berserk           |       |     3 |     1 ||     4
  Use: Scroll            |     3 |     3 |       ||     6
 Stab: Sleeping          |     3 |     8 |       ||    11
Armor: Animal skin       |    31 |       |       ||    31
       Robe              |     6 |    31 |    10 ||    47
Dodge: Dodged            |    70 |    67 |    20 ||   157

Table legend: (Time is in decaauts)
 A = Elapsed time spent in this place.
 B = Non-inter-level travel time spent in this place.
 C = Inter-level travel time spent in this place.
 D = Time resting spent in this place.
 E = Time spent auto-exploring this place.
 F = Levels seen in this place.
 G = Mean time per level.
                   A        B        C        D        E       F      G
               +--------+--------+--------+--------+--------+-----+--------+
         Total |   5269 |   5056 |    213 |    607 |   3731 |   5 | 1053.8 |
       Dungeon |   5269 |   5056 |    213 |    607 |   3731 |   5 | 1053.8 |
               +--------+--------+--------+--------+--------+-----+--------+

Top non-repeatable levels by time:
     D:1: 1404 daAuts
     D:2: 1402 daAuts
     D:3: 1073 daAuts
     D:4: 954 daAuts
     D:5: 434 daAuts
